 Dungeon Crawl Stone Soup version 0.32-a0-42-ga30500b4d3 (webtiles) character file.

Game seed: 2389144957188325887

72 funkygono the Trooper (level 4, -3/40 HPs)
             Began as a Minotaur Fighter on Jan 27, 2024.
             Killed from afar by a hobgoblin (13 damage)
             ... with a bolt of light
             ... on level 3 of the Dungeon.
             The game lasted 00:03:37 (1886 turns).

funkygono the Trooper (Minotaur Fighter)            Turns: 1886, Time: 00:03:38

Health: -3/40      AC: 11    Str: 23    XL:     4   Next: 7%
Magic:  3/3        EV:  8    Int:  5    God:
Gold:   90         SH:  0    Dex:  9    Spells: 3/3 levels left

rFire   . . .        a - +1 war axe
rCold   . . .        c - +0 buckler
rNeg    . . .        k - +0 chain mail
rPois   .            (helmet restricted)
rElec   .            (no cloak)
rCorr   .            (no gloves)
SInv    .            g - +1 pair of boots
Will    .....        (no amulet) Stlth
                     (no ring)
HPRegen 0.26/turn    (no ring)
MPRegen 0.08/turn

%: no passive effects
@: confused
A: horns 2, retaliatory headbutt
a: no special abilities


You were on level 3 of the Dungeon.
You visited 1 branch of the dungeon, and saw 3 of its levels.

You collected 90 gold pieces.

Inventory:

Hand Weapons
 a - a +1 war axe (weapon)
Missiles
 f - 21 stones (quivered)
Armour
 c - a +0 buckler (worn)
 g - a +1 pair of boots (worn)
 k - a +0 chain mail (worn)
Scrolls
 b - a scroll of poison
 i - a scroll of immolation
 j - 2 scrolls of teleportation
Potions
 d - a potion of might
 l - 3 potions of curing


   Skills:
 + Level 4.2 Fighting
 + Level 3.7 Axes
 + Level 4.1 Armour
 + Level 0.4 Dodging
 + Level 4.1 Shields


You had 3 spell levels left.
You didn't know any spells.
Your spell library contained the following spells:

 Spells                   Type           Power      Damage    Failure   Level
 Foxfire                  Conj/Fire      0%         2x1d4     98%         1
 Plasma Beam              Fire/Air       0%         2x1d10    100%        6
 Starburst                Conj/Fire      0%         6d3       100%        6


Dungeon Overview and Level Annotations

Branches:
Dungeon (3/15)

Altars:


Innate Abilities, Weirdness & Mutations

You have a pair of horns on your head.
You reflexively headbutt those who attack you in melee.


Message History

It is a scroll of enchant armour.
Your +0 pair of boots glows green for a moment.
You start waiting.
Done waiting.
Done exploring.
Okay, then.
What level of the Dungeon? (default 2, ? - help)
You see here a +0 club.
There is a stone staircase leading down here.
You climb downwards.
The endoplasm quivers.
Found a scroll of poison and a chain mail.
There is a stone staircase leading up here.
An endoplasm is nearby!
You hit the endoplasm.
The endoplasm is severely wounded.
The endoplasm freezes you.
You are frozen.
You slash the endoplasm!
You kill the endoplasm!
HP restored.
There is a stone staircase leading up here.
b - a scroll of poison A hobgoblin comes into view.
It is wielding a +0 trident and carrying a wand of light.
Found a leather armour.
The hobgoblin zaps a wand.
The bolt of light misses you.
The hobgoblin zaps a wand.
The bolt of light hits you!!
Ouch! That really hurt!
The hobgoblin zaps a wand.
The bolt of light hits you!
* * * LOW HITPOINT WARNING * * *
You barely miss the hobgoblin. The hobgoblin barely misses you. x2
You closely miss the hobgoblin.
The hobgoblin hits you but does no damage.
You barely miss the hobgoblin. You block the hobgoblin's attack.
You barely miss the hobgoblin.
You headbutt the hobgoblin, but do no damage.
You block the hobgoblin's attack.
The hobgoblin zaps a wand.
The bolt of light hits you!
You are confused.
You die...

.### ... ### ... # ..#
.. .. #.# ###.# # ..#
#.# ...#.# .. #.#
#....# ...##.##.######
#.#
#....g@......###.####
##.....#.......<....#
...............##.##.#
#..............##.# #
#[.............##.[
#.......######.####.
#.##...## #.# .. #.
#### #.. .# #### ##


You could see a hobgoblin.

Vanquished Creatures
  3 adders (D:2)
  2 ribbon worms (D:2)
  6 endoplasms
  A giant cockroach (D:1)
  8 goblins
  A hobgoblin (D:1)
  3 jackals (D:1)
  A quokka (D:1)
  4 ball pythons (D:1)
  4 bats
  2 frilled lizards
  2 kobolds (D:1)
  5 rats
42 creatures vanquished.

Notes
Turn   | Place    | Note
-------+----------+-------------------------------------------
     0 | D:1      | funkygono the Minotaur Fighter began the quest for the Orb.
     0 | D:1      | Reached XP level 1. HP: 19/19 MP: 0/0
   148 | D:1      | Reached XP level 2. HP: 27/27 MP: 1/1
   663 | D:2      | Reached XP level 3. HP: 33/33 MP: 2/2
  1205 | D:2      | Reached XP level 4. HP: 39/40 MP: 3/3
  1886 | D:3      | Killed from afar by a hobgoblin

Illustrated notes

Levels and vault maps discovered:
D:1:      eino_arrival_water_star, layout_loops_ring
D:2:      layout_basic, serial_bayou, serial_bayou_shore_a,
          serial_bayou_crossing, serial_bayou_lake_a, serial_bayou_shore_b,
          serial_bayou_ford_a
D:3:      layout_loops_cross, hellmonk_ecumenical_altar_arch_garden

Skill      XL: |  1  2 |
---------------+-------+-----
Shields        | 4 |  4.1
Axes           | 3 |  3.7
Fighting       | 4 |  4.2
Armour         | 4 |  4.1
Dodging        | |  0.4

Action                     |  1- 3 |  4- 6 || total
---------------------------+-------+-------++-------
  Melee: War axe           |    79 |    15 ||    94
         Headbutt          |     9 |     1 ||    10
    Use: Scroll            |     5 |     2 ||     7
 Armour: Scale mail        |    61 |     4 ||    65
         Chain mail        |       |     4 ||     4
  Dodge: Dodged            |    45 |     8 ||    53
  Block: Buckler           |    21 |     4 ||    25

Table legend: (Time is in decaauts)
 A = Elapsed time spent in this place.
 B = Non-inter-level travel time spent in this place.
 C = Inter-level travel time spent in this place.
 D = Time resting spent in this place.
 E = Time spent auto-exploring this place.
 F = Levels seen in this place.
 G = Mean time per level.
                   A        B        C        D        E       F      G
               +--------+--------+--------+--------+--------+-----+--------+
         Total |   1960 |   1864 |     96 |    100 |   1397 |   3 |  653.3 |
       Dungeon |   1960 |   1864 |     96 |    100 |   1397 |   3 |  653.3 |
               +--------+--------+--------+--------+--------+-----+--------+

Top non-repeatable levels by time:
     D:2: 1283 daAuts
     D:1: 636 daAuts
     D:3: 40 daAuts
